Rampage vs Monsters

Created - Saturday, February 13, 2016 at 03:12

Goals
1 2 3 T
Rampage 5 4 0 9
Monsters 0 1 0 1
Shots
1 2 3 T
Rampage 9 9 8 26
Monsters 10 6 14 30

1st period

1. Rampage , Daniel Briere 10 (Bryan Rust) at 1:39
2. Rampage , Taylor Beck 16 (Christian Thomas) at 9:47
3. Rampage , Tanner Richard 1 (Bryan Rust, Michal Rozsival) at 11:03
4. Rampage , Daniel Briere 11 (Michal Rozsival) at 12:50
5. Rampage , Bryan Rust 11 (Connor Brickley) at 14:39

Penalties :
No Penalty

2nd period

6. Rampage , Bryan Rust 12 (Liam O'Brien, Michal Rozsival) at 0:54
7. Monsters , Steven Pinizzotto 16 (Jordan Weal, Quinton Howden) at 4:58
8. Rampage , Daniel Briere 12 (Taylor Beck) at 6:45
9. Rampage , Daniel Briere 13 (Taylor Beck, Keaton Ellerby) at 13:00
10. Rampage , Taylor Beck 17 (Christian Thomas, Michal Rozsival) at 13:44 (PP)

Penalties :
Jeff Hoggan (LEM) for Fighting (Major) at 3:53, Connor Brickley (SAN) for Fighting (Major) at 3:53, Viktor Arvidsson (LEM) for Hooking (Minor) at 13:26, Troy Rutkowski (LEM) for Fighting (Major) at 15:59, Benn Ferriero (SAN) for Fighting (Major) at 15:59

3rd period

No Goal

Penalties :
Mitch Callahan (LEM) for Fighting (Major) at 2:50, Keaton Ellerby (SAN) for Fighting (Major) at 2:50

Goalie Stats

Viktor Fasth (SAN), 29 saves from 30 shots - (0.967), W, 7-1-6, 60:00 minutes
FARM GOALIE1 (LEM), 16 saves from 21 shots - (0.762), L, 0-19-0, 39:50 minutes
FARM GOALIE2 (LEM), 1 saves from 5 shots - (0.200), 20:10 minutes

Players Stats for Rampage

Player Name              G  A  P  +/- PIM S  H  SB GA TA FO     MP     PP MP  PK MP  
------------------------------------------------------------------------------------
Benn Ferriero            0  0  0   1  5   1  1  0  0  1  0/0    10:44   0:00   0:00 
Bryan Rust               2  2  4   3  0   2  0  0  3  0  0/0    22:39   0:00   0:00 
Christian Thomas         0  2  2   1  0   4  1  0  2  0  0/0    17:39   0:18   0:00 
Connor Brickley          0  1  1   3  5   0  1  0  1  1  3/8    18:45   0:00   0:00 
Daniel Briere            4  0  4   3  0   7  0  0  7  2  4/10   23:28   0:18   0:00 
Dillon Simpson           0  0  0   0  0   0  0  0  0  0  0/0     0:58   0:00   0:00 
Jordan Szwarz            0  0  0   2  0   0  0  0  0  1  1/1     5:01   0:00   0:00 
Keaton Ellerby           0  1  1   3  5   0  0  1  0  1  0/0    23:08   0:00   0:00 
Ladislav Smid            0  0  0   2  0   1  2  2  0  4  0/0    23:50   0:18   0:00 
Liam O'Brien             0  1  1   2  0   2  2  0  3  0  0/0    21:06   0:00   0:00 
Max Friberg              0  0  0   0  0   0  0  0  0  0  0/0     4:49   0:00   0:00 
Michal Rozsival          0  4  4   3  0   2  3  2  0  5  0/0    29:57   0:18   0:00 
Robert Hagg              0  0  0   0  0   0  0  0  0  0  0/0     1:16   0:00   0:00 
Scott Mayfield           0  0  0   3  0   1  3  0  0  0  0/0    17:25   0:00   0:00 
Tanner Richard           1  0  1   4  0   2  1  0  1  1  5/10   22:05   0:00   0:00 
Taylor Beck              2  2  4   2  0   2  0  0  2  1  3/7    23:14   0:18   0:00 
Tomas Kundratek          0  0  0   3  0   1  0  0  0  1  0/0    24:10   0:00   0:00 
William Nylander         0  0  0   0  0   1  0  0  1  0  0/0     9:38   0:00   0:00 

Players Stats for Monsters

Player Name              G  A  P  +/- PIM S  H  SB GA TA FO     MP     PP MP  PK MP  
------------------------------------------------------------------------------------
Barclay Goodrow          0  0  0  -2  0   6  2  0  8  3  1/4    21:16   0:00   0:18 
Blair Riley              0  0  0  -1  0   1  1  2  0  1  0/0     8:06   0:00   0:00 
Brandon Montour          0  0  0  -5  0   1  0  1  0  2  0/0    25:27   0:00   0:18 
Cal O'Reilly             0  0  0  -2  0   1  2  0  2  0  5/11   15:51   0:00   0:18 
Chase Balisy             0  0  0  -1  0   2  0  2  1  0  3/4     8:06   0:00   0:00 
FARM PLAYER13            0  0  0   0  0   0  0  0  0  0  0/0    17:16   0:00   0:00 
FARM PLAYER38            0  0  0   0  0   0  0  0  0  0  0/0    15:31   0:00   0:00 
Jeff Hoggan              0  0  0  -2  5   0  0  0  0  0  0/0    15:48   0:00   0:00 
Jordan Weal              0  1  1  -2  0   2  2  1  3  0  8/10   19:33   0:00   0:00 
Kris Fredheim            0  0  0  -5  0   0  3  2  0  2  0/0    25:27   0:00   0:18 
Matt MacKenzie           0  0  0  -2  0   0  0  0  0  0  0/0    19:07   0:00   0:00 
Mitch Callahan           0  0  0  -2  5   4  1  0  4  3  0/0    14:29   0:00   0:00 
Quinton Howden           0  1  1  -2  0   2  0  0  0  0  1/2    19:33   0:00   0:00 
Scott Timmins            0  0  0  -2  0   4  0  1  0  1  2/5    16:29   0:00   0:00 
Steven Pinizzotto        1  0  1  -2  0   5  3  1  4  1  0/0    19:33   0:00   0:00 
Troy Rutkowski           0  0  0  -2  5   0  0  2  1  0  0/0    17:09   0:00   0:00 
Viktor Arvidsson         0  0  0  -2  2   2  1  0  2  1  0/0    16:28   0:00   0:00 
Zack Torquato            0  0  0  -1  0   0  0  0  0  0  0/0     4:24   0:00   0:00 

3 Stars

1 - Daniel Briere (SAN)
2 - Bryan Rust (SAN)
3 - Taylor Beck (SAN)

Power Play

Rampage - 1 on 1 Attempt(s) - 100.00%
Monsters - 0 on 0 Attempt(s) - 0.00%

Penalty Kill

Rampage - 0 on 0 Attempt(s) - 0.00% - Score 0 goal in Penalty Kill
Monsters - 0 on 1 Attempt(s) - 0.00% - Score 0 goal in Penalty Kill

Team Stat

Rampage - Hits : 14 - Faceoff Wins : 16 - Blocked Shots : 5 - Penalty Minutes : 15
Monsters - Hits : 15 - Faceoff Wins : 20 - Blocked Shots : 12 - Penalty Minutes : 17

Official

Referees : Unknown
Linesman : Unknown

Game Notes

FARM GOALIE2 enters game at 12:50 of 1st period
Jordan Szwarz is injured at 15:43 of 1st period (Left Hip)
Jeff Hoggan and Connor Brickley fight to a draw at 3:53 of 2nd period
Daniel Briere has scored a Hat Trick!
FARM GOALIE1 enters game at 13:00 of 2nd period
Troy Rutkowski and Benn Ferriero fight to a draw at 15:59 of 2nd period
Keaton Ellerby beats up Mitch Callahan at 2:50 of 3rd period

Finance

Level 1 -- Attendance: 1508 (75.40%) -- Ticket Income $52,780
Level 2 -- Attendance: 771 (77.10%) -- Ticket Income $11,565
Total Attendance: 2279 (75.97%)
Total Ticket Income: $64,345
Other Income: $31,529
Total Income: $95,874

Rampage

5 vs 5 Forward 
   Center                   Left Wing                Right Wing               Time % Phy DF OF 
 1 Daniel Briere            Taylor Beck              Christian Thomas         35     1   2  2  
 2 Connor Brickley          Liam O'Brien             Bryan Rust               30     1   2  2  
 3 Tanner Richard           Daniel Briere            Jordan Szwarz            22     1   2  2  
 4 Taylor Beck              Daniel Briere            Benn Ferriero            13     1   2  2  

5 vs 5 Defense 
   Defense                  Defense                                           Time % Phy DF OF 
 1 Michal Rozsival          Ladislav Smid                                     35     1   2  2  
 2 Keaton Ellerby           Tomas Kundratek                                   30     1   2  2  
 3 Scott Mayfield           Michal Rozsival                                   22     1   2  2  
 4 Michal Rozsival          Ladislav Smid                                     13     1   2  2  

PowerPlay Forward 
   Center                   Left Wing                Right Wing               Time % Phy DF OF 
 1 Daniel Briere            Taylor Beck              Christian Thomas         60     1   2  2  
 2 Connor Brickley          Liam O'Brien             Bryan Rust               40     1   2  2  

PowerPlay Defense
   Defense                  Defense                                           Time % Phy DF OF 
 1 Michal Rozsival          Ladislav Smid                                     60     1   2  2  
 2 Keaton Ellerby           Tomas Kundratek                                   40     1   2  2  

Penalty Kill 4 Players Forward 
   Center                   Wing                     Time % Phy DF OF 
 1 Daniel Briere            Taylor Beck              60     1   2  2  
 2 Christian Thomas         Liam O'Brien             40     1   2  2  

Penalty Kill 4 Players Defense
   Defense                  Defense                  Time % Phy DF OF 
 1 Michal Rozsival          Ladislav Smid            60     1   2  2  
 2 Keaton Ellerby           Tomas Kundratek          40     1   2  2  

Penalty Kill - 3 Players Forward 
   Forward                                           Time % Phy DF OF 
 1 Daniel Briere                                     60     1   2  2  
 2 Taylor Beck                                       40     1   2  2  

Penalty Kill - 3 Players Defense
   Defense                  Defense                  Time % Phy DF OF 
 1 Michal Rozsival          Ladislav Smid            60     1   2  2  
 2 Keaton Ellerby           Tomas Kundratek          40     1   2  2  

4 vs 4 Forward 
   Center                   Wing                     Time % Phy DF OF 
 1 Daniel Briere            Taylor Beck              60     1   2  2  
 2 Christian Thomas         Liam O'Brien             40     1   2  2  

4 vs 4 Defense
   Defense                  Defense                  Time % Phy DF OF 
 1 Michal Rozsival          Ladislav Smid            60     1   2  2  
 2 Keaton Ellerby           Tomas Kundratek          40     1   2  2  

Last Minutes Offensive
   Center                   Left Wing                Right Wing               Defense                  Defense                  
   Daniel Briere            Taylor Beck              Christian Thomas         Michal Rozsival          Ladislav Smid            

Last Minutes Defensive
   Center                   Left Wing                Right Wing               Defense                  Defense                  
   Daniel Briere            Taylor Beck              Christian Thomas         Michal Rozsival          Ladislav Smid            

Goaltenders
Starting : Viktor Fasth             
Backup : FARM GOALIE5             

Extra Forwards
Normal : Daniel Briere, Jordan Szwarz, Tanner Richard - PP : Daniel Briere, Jordan Szwarz - PK : Tanner Richard
Extra Defensemen
Normal : Scott Mayfield, Michal Rozsival, Keaton Ellerby - PP : Scott Mayfield - PK : Michal Rozsival, Keaton Ellerby
Penalty Shots
Daniel Briere, Taylor Beck, Christian Thomas, Liam O'Brien, Bryan Rust

Monsters

5 vs 5 Forward 
   Center                   Left Wing                Right Wing               Time % Phy DF OF 
 1 Cal O'Reilly             Barclay Goodrow          Mitch Callahan           35     1   2  2  
 2 Jordan Weal              Quinton Howden           Steven Pinizzotto        30     1   2  2  
 3 Scott Timmins            Jeff Hoggan              Viktor Arvidsson         22     1   2  2  
 4 Chase Balisy             Blair Riley              Barclay Goodrow          13     1   2  2  

5 vs 5 Defense 
   Defense                  Defense                                           Time % Phy DF OF 
 1 Kris Fredheim            Brandon Montour                                   35     1   2  2  
 2 Matt MacKenzie           Troy Rutkowski                                    30     1   2  2  
 3 FARM PLAYER13            FARM PLAYER38                                     22     1   2  2  
 4 Kris Fredheim            Brandon Montour                                   13     1   2  2  

PowerPlay Forward 
   Center                   Left Wing                Right Wing               Time % Phy DF OF 
 1 Cal O'Reilly             Barclay Goodrow          Mitch Callahan           60     1   2  2  
 2 Jordan Weal              Quinton Howden           Steven Pinizzotto        40     1   2  2  

PowerPlay Defense
   Defense                  Defense                                           Time % Phy DF OF 
 1 Kris Fredheim            Brandon Montour                                   60     1   2  2  
 2 Matt MacKenzie           Troy Rutkowski                                    40     1   2  2  

Penalty Kill 4 Players Forward 
   Center                   Wing                     Time % Phy DF OF 
 1 Barclay Goodrow          Cal O'Reilly             60     1   2  2  
 2 Mitch Callahan           Jordan Weal              40     1   2  2  

Penalty Kill 4 Players Defense
   Defense                  Defense                  Time % Phy DF OF 
 1 Kris Fredheim            Brandon Montour          60     1   2  2  
 2 Matt MacKenzie           Troy Rutkowski           40     1   2  2  

Penalty Kill - 3 Players Forward 
   Forward                                           Time % Phy DF OF 
 1 Barclay Goodrow                                   60     1   2  2  
 2 Cal O'Reilly                                      40     1   2  2  

Penalty Kill - 3 Players Defense
   Defense                  Defense                  Time % Phy DF OF 
 1 Kris Fredheim            Brandon Montour          60     1   2  2  
 2 Matt MacKenzie           Troy Rutkowski           40     1   2  2  

4 vs 4 Forward 
   Center                   Wing                     Time % Phy DF OF 
 1 Barclay Goodrow          Cal O'Reilly             60     1   2  2  
 2 Mitch Callahan           Jordan Weal              40     1   2  2  

4 vs 4 Defense
   Defense                  Defense                  Time % Phy DF OF 
 1 Kris Fredheim            Brandon Montour          60     1   2  2  
 2 Matt MacKenzie           Troy Rutkowski           40     1   2  2  

Last Minutes Offensive
   Center                   Left Wing                Right Wing               Defense                  Defense                  
   Cal O'Reilly             Barclay Goodrow          Mitch Callahan           Kris Fredheim            Brandon Montour          

Last Minutes Defensive
   Center                   Left Wing                Right Wing               Defense                  Defense                  
   Cal O'Reilly             Barclay Goodrow          Mitch Callahan           Kris Fredheim            Brandon Montour          

Goaltenders
Starting : FARM GOALIE1             
Backup : FARM GOALIE2             

Extra Forwards
Normal : Zack Torquato, Scott Timmins, Jeff Hoggan - PP : Zack Torquato, Scott Timmins - PK : Jeff Hoggan
Extra Defensemen
Normal : FARM PLAYER13, FARM PLAYER38, Matt MacKenzie - PP : FARM PLAYER13 - PK : FARM PLAYER38, Matt MacKenzie
Penalty Shots
Barclay Goodrow, Cal O'Reilly, Mitch Callahan, Jordan Weal, Scott Timmins

% Time on Ice - Rampage

Lines # - Real PCT - Wanted PCT - Time Play
Normal Forward
1 - 21% - 35% - 12:19
2 - 29% - 30% - 17:32
3 - 34% - 22% - 20:25
4 - 16% - 13% - 9:26
Normal Defense
1 - 32% - 35% - 18:50
2 - 37% - 30% - 22:09
3 - 22% - 22% - 13:17
4 - 9% - 13% - 5:26
PP Forward
1 - 100% - 60% - 0:18
2 - 0% - 40% - 0:00
PP Defense
1 - 100% - 60% - 0:18
2 - 0% - 40% - 0:00
PK Forward
1 - 0% - 60%
2 - 0% - 40%
PK Defense
1 - 0% - 60%
2 - 0% - 40%
PK3 Forward
1 - 0% - 60%
2 - 0% - 40%
PK3 Defense
1 - 0% - 60%
2 - 0% - 40%
44 Forward
1 - 0% - 60%
2 - 0% - 40%
44 Defense
1 - 0% - 60%
2 - 0% - 40%
Last Minute Offensive  - 0:00
Last Minute Defensive  - 0:00
Total
Forward - 60:00
Defense - 60:00

% Time on Ice - Monsters

Lines # - Real PCT - Wanted PCT - Time Play
Normal Forward
1 - 26% - 35% - 15:34
2 - 33% - 30% - 19:33
3 - 28% - 22% - 16:29
4 - 14% - 13% - 8:06
Normal Defense
1 - 31% - 35% - 18:41
2 - 32% - 30% - 19:07
3 - 26% - 22% - 15:25
4 - 11% - 13% - 6:29
PP Forward
1 - 0% - 60%
2 - 0% - 40%
PP Defense
1 - 0% - 60%
2 - 0% - 40%
PK Forward
1 - 100% - 60% - 0:18
2 - 0% - 40% - 0:00
PK Defense
1 - 100% - 60% - 0:18
2 - 0% - 40% - 0:00
PK3 Forward
1 - 0% - 60%
2 - 0% - 40%
PK3 Defense
1 - 0% - 60%
2 - 0% - 40%
44 Forward
1 - 0% - 60%
2 - 0% - 40%
44 Defense
1 - 0% - 60%
2 - 0% - 40%
Last Minute Offensive  - 0:00
Last Minute Defensive  - 0:00
Total
Forward - 60:00
Defense - 60:00

Play by Play

1st period


0:01 of 1st period - Cal O'Reilly wins face-off versus Daniel Briere in neutral zone.
0:12 of 1st period - Barclay Goodrow is hit by Ladislav Smid and loses puck.
0:37 of 1st period - Wrist shot by Mitch Callahan.
0:37 of 1st period - Shot Misses the Net.
1:00 of 1st period - Slapshot by Steven Pinizzotto.
1:00 of 1st period - Shot Misses the Net.
1:39 of 1st period - Slapshot by Daniel Briere.
1:39 of 1st period - Goal by Daniel Briere - Rampage : 1 - Monsters : 0.
1:40 of 1st period - Scott Timmins wins face-off versus Daniel Briere in neutral zone.
1:49 of 1st period - Snap shot by Scott Timmins.
1:49 of 1st period - Stopped by Viktor Fasth without a rebound.
1:50 of 1st period - Tanner Richard wins face-off versus Scott Timmins in Rampage zone.
2:23 of 1st period - Snap shot by Scott Timmins.
2:23 of 1st period - Stopped by Viktor Fasth with a rebound.
2:44 of 1st period - Snap shot by Chase Balisy.
2:44 of 1st period - Shot Misses the Net.
3:22 of 1st period - Snap shot by Daniel Briere.
3:22 of 1st period - Shot Misses the Net.
3:24 of 1st period - Snap shot by Michal Rozsival.
3:24 of 1st period - Stopped by FARM GOALIE1 without a rebound.
3:25 of 1st period - Quinton Howden wins face-off versus Taylor Beck in Monsters zone.
3:42 of 1st period - Snap shot by Steven Pinizzotto.
3:42 of 1st period - Shot Misses the Net.
4:04 of 1st period - Bryan Rust is hit by Steven Pinizzotto and loses puck.
4:27 of 1st period - Jordan Szwarz is hit by Viktor Arvidsson and loses puck.
4:34 of 1st period - Snap shot by Jeff Hoggan.
4:34 of 1st period - Shot Misses the Net.
5:00 of 1st period - Wrist shot by Mitch Callahan.
5:00 of 1st period - Stopped by Viktor Fasth with a rebound.
5:06 of 1st period - Wrist shot by Mitch Callahan.
5:06 of 1st period - Deflect By Barclay Goodrow.
5:06 of 1st period - Shot Hit the Post.
5:06 of 1st period - Puck is out of play.
5:07 of 1st period - Cal O'Reilly wins face-off versus Daniel Briere in Rampage zone.
5:36 of 1st period - Quinton Howden is hit by Michal Rozsival and loses puck.
6:07 of 1st period - Scott Timmins is hit by Scott Mayfield and loses puck.
7:35 of 1st period - Wrist shot by Mitch Callahan.
7:35 of 1st period - Stopped by Viktor Fasth with a rebound.
9:26 of 1st period - Wrist shot by Liam O'Brien.
9:26 of 1st period - Shot Misses the Net.
9:43 of 1st period - Snap shot by Christian Thomas.
9:43 of 1st period - Shot Blocked by Chase Balisy.
9:45 of 1st period - Slapshot by Christian Thomas.
9:45 of 1st period - Deflect By Chase Balisy.
9:45 of 1st period - Stopped by FARM GOALIE1 with a rebound.
9:47 of 1st period - Wrist shot by Taylor Beck.
9:47 of 1st period - Goal by Taylor Beck - Rampage : 2 - Monsters : 0.
9:48 of 1st period - Taylor Beck wins face-off versus Scott Timmins in neutral zone.
10:01 of 1st period - Snap shot by Viktor Arvidsson.
10:01 of 1st period - Stopped by Viktor Fasth with a rebound.
10:03 of 1st period - Slapshot by Viktor Arvidsson.
10:03 of 1st period - Stopped by Viktor Fasth with a rebound.
10:29 of 1st period - Slapshot by Bryan Rust.
10:29 of 1st period - Shot Misses the Net.
10:59 of 1st period - Wrist shot by Christian Thomas.
10:59 of 1st period - Shot Misses the Net.
11:01 of 1st period - Wrist shot by Michal Rozsival.
11:01 of 1st period - Shot Blocked by Kris Fredheim.
11:03 of 1st period - Snap shot by Bryan Rust.
11:03 of 1st period - Deflect By Tanner Richard.
11:03 of 1st period - Goal by Tanner Richard - Rampage : 3 - Monsters : 0.
11:04 of 1st period - Jordan Weal wins face-off versus Daniel Briere in neutral zone.
11:17 of 1st period - Slapshot by Ladislav Smid.
11:17 of 1st period - Shot Blocked by Steven Pinizzotto.
11:19 of 1st period - Slapshot by Ladislav Smid.
11:19 of 1st period - Stopped by FARM GOALIE1 with a rebound.
11:21 of 1st period - Slapshot by Ladislav Smid.
11:21 of 1st period - Shot Misses the Net.
11:34 of 1st period - Off-side.
11:35 of 1st period - Scott Timmins wins face-off versus Connor Brickley in neutral zone.
11:58 of 1st period - Snap shot by Viktor Arvidsson.
11:58 of 1st period - Shot Misses the Net.
12:00 of 1st period - Wrist shot by Jeff Hoggan.
12:00 of 1st period - Shot Misses the Net.
12:40 of 1st period - Slapshot by Michal Rozsival.
12:40 of 1st period - Shot Hit the Post.
12:42 of 1st period - Slapshot by Michal Rozsival.
12:42 of 1st period - Deflect By Daniel Briere.
12:42 of 1st period - Stopped by FARM GOALIE1 with a rebound.
12:50 of 1st period - Snap shot by Daniel Briere.
12:50 of 1st period - Goal by Daniel Briere - Rampage : 4 - Monsters : 0.
12:50 of 1st period - FARM GOALIE2 enters game.
12:51 of 1st period - Jordan Weal wins face-off versus Tanner Richard in neutral zone.
13:14 of 1st period - Snap shot by Jordan Weal.
13:14 of 1st period - Shot Misses the Net.
13:16 of 1st period - Wrist shot by Jordan Weal.
13:16 of 1st period - Shot Blocked by Michal Rozsival.
13:18 of 1st period - Snap shot by Jordan Weal.
13:18 of 1st period - Stopped by Viktor Fasth with a rebound.
13:24 of 1st period - Wrist shot by Jordan Weal.
13:24 of 1st period - Stopped by Viktor Fasth with a rebound.
13:26 of 1st period - Wrist shot by Quinton Howden.
13:26 of 1st period - Stopped by Viktor Fasth without a rebound.
13:27 of 1st period - Jordan Szwarz wins face-off versus Cal O'Reilly in Rampage zone.
14:13 of 1st period - Viktor Arvidsson is hit by Tanner Richard.
14:39 of 1st period - Wrist shot by Bryan Rust.
14:39 of 1st period - Goal by Bryan Rust - Rampage : 5 - Monsters : 0.
14:40 of 1st period - Jordan Weal wins face-off versus Connor Brickley in neutral zone.
14:56 of 1st period - Ladislav Smid is hit by Jordan Weal and loses puck.
15:42 of 1st period - Jordan Szwarz is hit by Cal O'Reilly and loses puck.
15:43 of 1st period - Jordan Szwarz from Rampage is injured at 15:43 of 1st period (Left Hip).
15:44 of 1st period - Daniel Briere wins face-off versus Cal O'Reilly in Rampage zone.
16:07 of 1st period - Taylor Beck is hit by Barclay Goodrow and loses puck.
16:30 of 1st period - Kris Fredheim is hit by Ladislav Smid and loses puck.
16:41 of 1st period - Slapshot by Liam O'Brien.
16:41 of 1st period - Shot Blocked by Jordan Weal.
17:10 of 1st period - Michal Rozsival is hit by Kris Fredheim and loses puck.
18:26 of 1st period - Snap shot by Blair Riley.
18:26 of 1st period - Stopped by Viktor Fasth without a rebound.
18:27 of 1st period - Connor Brickley wins face-off versus Cal O'Reilly in Rampage zone.
Goals for this period are 5 for Rampage vs 0 for Monsters.
Shots for this period are 9 for Rampage vs 10 for Monsters.

2nd period


0:01 of 2nd period - Daniel Briere wins face-off versus Cal O'Reilly in neutral zone.
0:20 of 2nd period - Slapshot by Barclay Goodrow.
0:20 of 2nd period - Shot Misses the Net.
0:22 of 2nd period - Snap shot by Brandon Montour.
0:22 of 2nd period - Shot Misses the Net.
0:24 of 2nd period - Wrist shot by Mitch Callahan.
0:24 of 2nd period - Shot Misses the Net.
0:28 of 2nd period - Slapshot by Barclay Goodrow.
0:28 of 2nd period - Shot Blocked by Ladislav Smid.
0:30 of 2nd period - Slapshot by Mitch Callahan.
0:30 of 2nd period - Stopped by Viktor Fasth with a rebound.
0:34 of 2nd period - Snap shot by Barclay Goodrow.
0:34 of 2nd period - Shot Misses the Net.
0:36 of 2nd period - Snap shot by Barclay Goodrow.
0:36 of 2nd period - Shot Blocked by Ladislav Smid.
0:52 of 2nd period - Wrist shot by Liam O'Brien.
0:52 of 2nd period - Shot Misses the Net.
0:54 of 2nd period - Slapshot by Bryan Rust.
0:54 of 2nd period - Goal by Bryan Rust - Rampage : 6 - Monsters : 0.
0:55 of 2nd period - Jordan Weal wins face-off versus Connor Brickley in neutral zone.
3:17 of 2nd period - Slapshot by Michal Rozsival.
3:17 of 2nd period - Shot Blocked by Scott Timmins.
3:23 of 2nd period - Snap shot by Daniel Briere.
3:23 of 2nd period - Shot Misses the Net.
3:53 of 2nd period - Jeff Hoggan and Connor Brickley fight to a draw.
3:53 of 2nd period - Penalty to Jeff Hoggan for Fighting.
3:53 of 2nd period - Penalty to Connor Brickley for Fighting.
3:54 of 2nd period - Cal O'Reilly wins face-off versus Tanner Richard in Monsters zone.
4:23 of 2nd period - Slapshot by Mitch Callahan.
4:23 of 2nd period - Shot Misses the Net.
4:26 of 2nd period - Icing by Tomas Kundratek.
4:27 of 2nd period - Jordan Weal wins face-off versus Tanner Richard in Rampage zone.
4:30 of 2nd period - Snap shot by Steven Pinizzotto.
4:30 of 2nd period - Shot Blocked by Keaton Ellerby.
4:56 of 2nd period - Snap shot by Steven Pinizzotto.
4:56 of 2nd period - Stopped by Viktor Fasth with a rebound.
4:58 of 2nd period - Slapshot by Steven Pinizzotto.
4:58 of 2nd period - Goal by Steven Pinizzotto - Rampage : 6 - Monsters : 1.
4:59 of 2nd period - Daniel Briere wins face-off versus Barclay Goodrow in neutral zone.
5:25 of 2nd period - Snap shot by Barclay Goodrow.
5:25 of 2nd period - Shot Blocked by Michal Rozsival.
6:02 of 2nd period - Ladislav Smid is hit by Kris Fredheim and loses puck.
6:15 of 2nd period - Snap shot by Jordan Weal.
6:15 of 2nd period - Shot Misses the Net.
6:37 of 2nd period - Snap shot by Daniel Briere.
6:37 of 2nd period - Stopped by FARM GOALIE2 with a rebound.
6:39 of 2nd period - Wrist shot by Taylor Beck.
6:39 of 2nd period - Shot Blocked by Kris Fredheim.
6:45 of 2nd period - Snap shot by Daniel Briere.
6:45 of 2nd period - Goal by Daniel Briere - Rampage : 7 - Monsters : 1.
6:46 of 2nd period - Tanner Richard wins face-off versus Cal O'Reilly in neutral zone.
7:24 of 2nd period - Mitch Callahan is hit by Scott Mayfield and loses puck.
8:56 of 2nd period - Icing by Michal Rozsival.
8:57 of 2nd period - Jordan Weal wins face-off versus Tanner Richard in Rampage zone.
9:11 of 2nd period - Snap shot by Jordan Weal.
9:11 of 2nd period - Shot Misses the Net.
10:53 of 2nd period - Christian Thomas is hit by Mitch Callahan and loses puck.
13:00 of 2nd period - Wrist shot by Taylor Beck.
13:00 of 2nd period - Deflect By Daniel Briere.
13:00 of 2nd period - Goal by Daniel Briere - Rampage : 8 - Monsters : 1.
13:00 of 2nd period - FARM GOALIE1 enters game.
13:01 of 2nd period - Tanner Richard wins face-off versus Scott Timmins in neutral zone.
13:26 of 2nd period - Minor Penalty to Viktor Arvidsson for Hooking.
13:27 of 2nd period - Barclay Goodrow wins face-off versus Daniel Briere in Monsters zone.
13:44 of 2nd period - Wrist shot by Taylor Beck.
13:44 of 2nd period - Goal by Taylor Beck - Rampage : 9 - Monsters : 1.
13:45 of 2nd period - Connor Brickley wins face-off versus Jordan Weal in neutral zone.
14:14 of 2nd period - Wrist shot by Taylor Beck.
14:14 of 2nd period - Shot Misses the Net.
14:22 of 2nd period - Snap shot by Taylor Beck.
14:22 of 2nd period - Shot Blocked by Troy Rutkowski.
14:24 of 2nd period - Snap shot by Christian Thomas.
14:24 of 2nd period - Stopped by FARM GOALIE1 with a rebound.
14:26 of 2nd period - Wrist shot by Christian Thomas.
14:26 of 2nd period - Stopped by FARM GOALIE1 without a rebound.
14:27 of 2nd period - Daniel Briere wins face-off versus Cal O'Reilly in Monsters zone.
15:34 of 2nd period - Viktor Arvidsson is hit by Michal Rozsival and loses puck.
15:59 of 2nd period - Troy Rutkowski and Benn Ferriero fight to a draw.
15:59 of 2nd period - Penalty to Troy Rutkowski for Fighting.
15:59 of 2nd period - Penalty to Benn Ferriero for Fighting.
16:00 of 2nd period - Chase Balisy wins face-off versus Tanner Richard in Rampage zone.
16:01 of 2nd period - Snap shot by Barclay Goodrow.
16:01 of 2nd period - Stopped by Viktor Fasth with a rebound.
16:03 of 2nd period - Slapshot by Barclay Goodrow.
16:03 of 2nd period - Stopped by Viktor Fasth without a rebound.
16:04 of 2nd period - Tanner Richard wins face-off versus Barclay Goodrow in Rampage zone.
16:25 of 2nd period - Icing by Chase Balisy.
16:26 of 2nd period - Chase Balisy wins face-off versus Connor Brickley in Monsters zone.
16:37 of 2nd period - Backhand shot by Chase Balisy.
16:37 of 2nd period - Stopped by Viktor Fasth with a rebound.
18:21 of 2nd period - Scott Timmins is hit by Liam O'Brien and loses puck.
18:56 of 2nd period - Tomas Kundratek is hit by Cal O'Reilly and loses puck.
19:30 of 2nd period - Quinton Howden is hit by Michal Rozsival and loses puck.
19:49 of 2nd period - Snap shot by William Nylander.
19:49 of 2nd period - Shot Hit the Post.
19:51 of 2nd period - Slapshot by Tomas Kundratek.
19:51 of 2nd period - Stopped by FARM GOALIE1 with a rebound.
19:53 of 2nd period - Slapshot by Daniel Briere.
19:53 of 2nd period - Stopped by FARM GOALIE1 with a rebound.
Goals for this period are 4 for Rampage vs 1 for Monsters.
Shots for this period are 9 for Rampage vs 6 for Monsters.

3rd period


0:01 of 3rd period - Cal O'Reilly wins face-off versus Daniel Briere in neutral zone.
0:34 of 3rd period - Barclay Goodrow is hit by Christian Thomas and loses puck.
0:47 of 3rd period - Wrist shot by Liam O'Brien.
0:47 of 3rd period - Shot Misses the Net.
0:51 of 3rd period - Wrist shot by Bryan Rust.
0:51 of 3rd period - Shot Misses the Net.
1:13 of 3rd period - Quinton Howden is hit by Connor Brickley and loses puck.
2:29 of 3rd period - Snap shot by Taylor Beck.
2:29 of 3rd period - Shot Blocked by Blair Riley.
2:31 of 3rd period - Slapshot by Ladislav Smid.
2:31 of 3rd period - Shot Misses the Net.
2:33 of 3rd period - Slapshot by Bryan Rust.
2:33 of 3rd period - Shot Blocked by Chase Balisy.
2:50 of 3rd period - Keaton Ellerby beats up Mitch Callahan.
2:50 of 3rd period - Penalty to Mitch Callahan for Fighting.
2:50 of 3rd period - Penalty to Keaton Ellerby for Fighting.
2:51 of 3rd period - Jordan Weal wins face-off versus Connor Brickley in Rampage zone.
4:13 of 3rd period - Jeff Hoggan is hit by Liam O'Brien and loses puck.
5:31 of 3rd period - Wrist shot by Liam O'Brien.
5:31 of 3rd period - Stopped by FARM GOALIE1 with a rebound.
5:45 of 3rd period - Wrist shot by Steven Pinizzotto.
5:45 of 3rd period - Stopped by Viktor Fasth with a rebound.
5:47 of 3rd period - Wrist shot by Steven Pinizzotto.
5:47 of 3rd period - Stopped by Viktor Fasth with a rebound.
5:49 of 3rd period - Slapshot by Quinton Howden.
5:49 of 3rd period - Stopped by Viktor Fasth with a rebound.
6:01 of 3rd period - Slapshot by Barclay Goodrow.
6:01 of 3rd period - Stopped by Viktor Fasth with a rebound.
6:10 of 3rd period - Slapshot by Brandon Montour.
6:10 of 3rd period - Stopped by Viktor Fasth without a rebound.
6:11 of 3rd period - Chase Balisy wins face-off versus Taylor Beck in Rampage zone.
6:26 of 3rd period - Snap shot by Chase Balisy.
6:26 of 3rd period - Stopped by Viktor Fasth without a rebound.
6:27 of 3rd period - Cal O'Reilly wins face-off versus Taylor Beck in Rampage zone.
7:03 of 3rd period - Daniel Briere is hit by Steven Pinizzotto and loses puck.
7:14 of 3rd period - Snap shot by Steven Pinizzotto.
7:14 of 3rd period - Stopped by Viktor Fasth with a rebound.
7:16 of 3rd period - Snap shot by Steven Pinizzotto.
7:16 of 3rd period - Shot Hit the Post.
7:34 of 3rd period - Snap shot by Viktor Arvidsson.
7:34 of 3rd period - Deflect By Scott Timmins.
7:34 of 3rd period - Stopped by Viktor Fasth with a rebound.
7:42 of 3rd period - Slapshot by Scott Timmins.
7:42 of 3rd period - Stopped by Viktor Fasth with a rebound.
8:49 of 3rd period - Keaton Ellerby is hit by Steven Pinizzotto and loses puck.
9:02 of 3rd period - Slapshot by Christian Thomas.
9:02 of 3rd period - Shot Blocked by Brandon Montour.
9:12 of 3rd period - Snap shot by Christian Thomas.
9:12 of 3rd period - Stopped by FARM GOALIE1 with a rebound.
10:06 of 3rd period - Scott Timmins is hit by Benn Ferriero and loses puck.
11:24 of 3rd period - Max Friberg is hit by Blair Riley and loses puck.
11:33 of 3rd period - Slapshot by Scott Mayfield.
11:33 of 3rd period - Stopped by FARM GOALIE1 with a rebound.
11:35 of 3rd period - Slapshot by Tomas Kundratek.
11:35 of 3rd period - Deflect By Taylor Beck.
11:35 of 3rd period - Shot Blocked by Blair Riley.
11:35 of 3rd period - Puck is out of play.
11:36 of 3rd period - Jordan Weal wins face-off versus Taylor Beck in Monsters zone.
11:40 of 3rd period - Icing by Steven Pinizzotto.
11:41 of 3rd period - Connor Brickley wins face-off versus Jordan Weal in Monsters zone.
12:17 of 3rd period - Kris Fredheim is hit by Scott Mayfield and loses puck.
12:41 of 3rd period - Snap shot by Scott Timmins.
12:41 of 3rd period - Shot Misses the Net.
13:17 of 3rd period - Snap shot by Mitch Callahan.
13:17 of 3rd period - Stopped by Viktor Fasth with a rebound.
13:19 of 3rd period - Slapshot by Cal O'Reilly.
13:19 of 3rd period - Stopped by Viktor Fasth without a rebound.
13:20 of 3rd period - Tanner Richard wins face-off versus Barclay Goodrow in Rampage zone.
13:20 of 3rd period - Tanner Richard is hit by Barclay Goodrow.
13:38 of 3rd period - Wrist shot by Mitch Callahan.
13:38 of 3rd period - Deflect By Barclay Goodrow.
13:38 of 3rd period - Stopped by Viktor Fasth with a rebound.
13:54 of 3rd period - Snap shot by Barclay Goodrow.
13:54 of 3rd period - Shot Misses the Net.
13:56 of 3rd period - Snap shot by Barclay Goodrow.
13:56 of 3rd period - Stopped by Viktor Fasth without a rebound.
13:57 of 3rd period - Taylor Beck wins face-off versus Chase Balisy in Rampage zone.
14:02 of 3rd period - Slapshot by Michal Rozsival.
14:02 of 3rd period - Shot Blocked by Troy Rutkowski.
14:04 of 3rd period - Slapshot by Michal Rozsival.
14:04 of 3rd period - Stopped by FARM GOALIE1 with a rebound.
14:06 of 3rd period - Wrist shot by Benn Ferriero.
14:06 of 3rd period - Stopped by FARM GOALIE1 without a rebound.
14:07 of 3rd period - Taylor Beck wins face-off versus Quinton Howden in Monsters zone.
14:14 of 3rd period - Wrist shot by Liam O'Brien.
14:14 of 3rd period - Stopped by FARM GOALIE1 with a rebound.
15:03 of 3rd period - Snap shot by Bryan Rust.
15:03 of 3rd period - Deflect By Tanner Richard.
15:03 of 3rd period - Stopped by FARM GOALIE1 with a rebound.
15:05 of 3rd period - Slapshot by Scott Mayfield.
15:05 of 3rd period - Shot Misses the Net.
15:07 of 3rd period - Wrist shot by William Nylander.
15:07 of 3rd period - Stopped by FARM GOALIE1 with a rebound.
16:09 of 3rd period - Keaton Ellerby is hit by Jordan Weal and loses puck.
17:53 of 3rd period - Ladislav Smid is hit by Kris Fredheim and loses puck.
18:28 of 3rd period - Snap shot by Barclay Goodrow.
18:28 of 3rd period - Stopped by Viktor Fasth with a rebound.
19:09 of 3rd period - Snap shot by Liam O'Brien.
19:09 of 3rd period - Shot Misses the Net.
19:15 of 3rd period - Snap shot by Taylor Beck.
19:15 of 3rd period - Shot Misses the Net.
19:59 of 3rd period - Icing by Scott Timmins.
Goals for this period are 0 for Rampage vs 0 for Monsters.
Shots for this period are 8 for Rampage vs 14 for Monsters.